 Dungeon Crawl Stone Soup version 0.30.0-29-ga12c61a403 (webtiles) character file.

Game seed: 9135310319573556916

3661 Graphine the Covert (level 10, 0/118 HPs)
             Began as a Merfolk Brigand on June 22, 2023.
             Was an Initiate of Ashenzari.
             Slain by a vampire (1 damage)
             ... on level 8 of the Dungeon.
             The game lasted 00:17:55 (7525 turns).

Graphine the Covert (Merfolk Brigand)               Turns: 7525, Time: 00:17:56

Health: 0/118      AC:  8    Str: 11    XL:     10   Next: 12%
Magic:  14/14      EV: 22    Int: 12    God:    Ashenzari [......]
Gold:   416        SH:  0    Dex: 19    Spells: 11/15 levels left

rFire   . . .        h - +2 rapier (flame)
rCold   . . .        (no shield)
rNeg    . . .        b - +2 robe
rPois   .            (no helmet)
rElec   .            m - +2 cloak
rCorr   .            (no gloves)
SInv    .            o - +0 pair of boots
Will    +....        (no amulet) Stlth
                     l - ring of willpower
HPRegen 0.39/turn    f - ring of Ouranomancy {EV+5, Melee, Alch} (curse)
MPRegen 0.14/turn

%: no passive effects
@: berserking, very quick
A: (nimble swimmer 2), mertail
a: Renounce Religion, Curse Item, Shatter the Chains


You were on level 8 of the Dungeon.
You worshipped Ashenzari.
Ashenzari was noncommittal.
You visited 2 branches of the dungeon, and saw 10 of its levels.

You collected 616 gold pieces.
You spent 200 gold pieces at shops.

Inventory:

Hand Weapons
 a - a +3 dagger
 h - a +2 rapier of flaming (weapon)
 u - the +5 hammer of the Aged Prophets {flame, rC+ MP+9 Int+3}
   (You found it on level 4 of the Dungeon)

   Int:       It affects your intelligence (+3).
   rC:        It protects you from cold.
   MP:        It affects your magic capacity (+9).
Missiles
 d - 39 poisoned darts (quivered)
 e - 2 curare-tipped darts
 k - 2 throwing nets
Armour
 b - a +2 robe (worn)
 m - a +2 cloak (worn)
 o - a +0 pair of boots (worn)
 E - a +2 kite shield
Magical Staves
 t - a staff of poison
Jewellery
 f - the cursed ring of Ouranomancy (right hand) {EV+5, Melee, Alch}
   (You found it on level 5 of the Dungeon)

   [ring of evasion]

   EV:        It affects your evasion (+5).
   It has a curse which improves the following skills: Melee Combat: Short
   Blades, Long Blades, Axes, Maces & Flails, Polearms, Staves and Unarmed
   Combat.
   Alchemy:   Poison Magic and Transmutations.
 l - a ring of willpower (left hand)
 r - a ring of resist corrosion
Wands
 i - a wand of polymorph (5)
 q - a wand of mindburst (5)
 v - a wand of digging (4)
 x - a wand of charming (5)
Scrolls
 y - 3 scrolls of teleportation
 A - 2 scrolls of enchant armour
 B - a scroll of identify
Potions
 c - 2 potions of attraction
 j - a potion of lignification
 n - 2 potions of mutation
 p - 2 potions of haste
 s - a potion of might
 w - a potion of degeneration
 z - a potion of cancellation
 C - a potion of flight


   Skills:
 * Level 7.5 Fighting
 + Level 5.9(6.3) Short Blades
 + Level 4.9 Throwing
 * Level 8.5 Dodging
 * Level 9.2 Stealth
 + Level 3.2 Spellcasting
 + Level 4.0(4.4) Poison Magic


You had 11 spell levels left.
You knew the following spells:

 Your Spells              Type           Power      Damage    Failure   Level
a - Sting                 Tmut/Pois      28%        1d4       10%         1
b - Ignite Poison         Fire/Tmut/Pois 5%         N/A       36%         3

Your spell library contained the following spells:

 Spells                   Type           Power      Damage    Failure   Level


Dungeon Overview and Level Annotations

Branches:
Dungeon (9/15)             Temple (1/1) D:4            Lair (0/5) D:8
    Orc: D:9-12

Altars:
Ashenzari
Cheibriados
Dithmenos
Elyvilon
Fedhas
Gozag
Hepliaklqana
Kikubaaqudgha
Makhleb
Nemelex Xobeh
Okawaru
Qazlal
Ru
Sif Muna
Trog
Uskayaw
Vehumet
Wu Jian
Xom
Yredelemnul
Zin
The Shining One

Shops:
D:3 [   D:4 :

Annotations:
D:7 1 runed translucent door, vvl's ghost, novice GrEE


Innate Abilities, Weirdness & Mutations

((You are very nimble when in or above water. (Stealth+, EV+, Speed+++)))
Your lower body shifts to a powerful aquatic tail in water.


Message History

You hit something but do no damage. Something hits you!
* * * LOW HITPOINT WARNING * * *
Something bites you but does no damage.
You barely miss something. You miss something. Something hits you!
* * * LOW HITPOINT WARNING * * *
Something bites you but does no damage.
You barely miss something. Something hits you!
* * * LOW HITPOINT WARNING * * *
Something bites you.
* * * LOW HITPOINT WARNING * * *
Something draws strength from your injuries!
You feel much better.
You hear some strange, mumbled words.
Something tries to affect you, but you resist.
Something hits you but does no damage. Something closely misses you.
There is a stone staircase leading up here.
Something barely misses you. Something misses you.
You climb upwards.
Reactivating autopickup.
There is a stone staircase leading down here.
Something hits you!
Deactivating autopickup; reactivate with Ctrl-A.
Something bites you.
Something draws strength from your injuries!
Something hits you!
* * * LOW HITPOINT WARNING * * *
Something bites you!
* * * LOW HITPOINT WARNING * * *
Something draws strength from your injuries!
You miss something.
You hear some strange, mumbled words.
Something tries to affect you, but you resist.
Okay, then.
Okay, then.
A red film seems to cover your vision as you go berserk!
You feel yourself moving faster!
You feel mighty! Something hits you!
* * * LOW HITPOINT WARNING * * *
Something bites you.
You die...

.#..........................#..##
.#..................#............
.#.............................#.
.#...............#.#.............
.'...............#.(.............
##...............#.#...........#.
#.............##.........#....#.
########......#..........#....##
#########......{@#...............
.............>.###.......###.....
##.......#...............+.......
#.......+...............#.......
##.......#......[#######.........
.........#.......'............#..
##...............###........#.#..
#................###.......#....
#................####+.....#....


There were no monsters in sight!

Vanquished Creatures
  Pikel (D:5)
  Grinder (D:4)
  A wraith (D:7)
  2 acid dragons
  A water moccasin (D:9)
  3 ice beasts
  2 black bears (D:6)
  3 orc warriors
  An ogre (D:6)
  3 centaurs
  2 lemures (D:5)
  4 phantoms
  3 kobold brigands
  A gnoll sergeant (D:8)
  2 scorpions
  2 electric eels
  3 orc priests
  Crazy Yiuf (D:4)
  2 hounds
  4 jellies
  2 sleepcaps
  Ijyb (D:4)
  4 iguanas
  2 orc wizards (D:8)
  5 adders
  3 gnolls (D:8)
  2 white imps
  An ufetubus (D:6)
  A worm (D:5)
  19 orcs
  4 endoplasms
  2 giant cockroaches (D:4)
  5 goblins
  A hobgoblin (D:1)
  6 jackals
  20 kobolds
  3 quokkas
  10 ball pythons
  7 bats
  3 frilled lizards (D:1)
  6 rats
149 creatures vanquished.

Notes
Turn   | Place    | Note
-------+----------+-------------------------------------------
     0 | D:1      | Graphine the Merfolk Brigand began the quest for the Orb.
     0 | D:1      | Reached XP level 1. HP: 16/16 MP: 1/1
   132 | D:1      | Reached XP level 2. HP: 23/23 MP: 2/2
   591 | D:2      | Found a sacrificial altar of Ru.
   658 | D:2      | Reached XP level 3. HP: 28/28 MP: 3/3
  1459 | D:3      | Found Paostr Loyghu's Antique Armour Boutique.
  1587 | D:3      | Reached XP level 4. HP: 33/34 MP: 4/4
  1608 | D:3      | Reached skill level 5 in Stealth
  2176 | D:4      | Noticed a scorpion
  2191 | D:4      | Killed a scorpion
  2192 | D:4      | Reached XP level 5. HP: 28/41 MP: 5/5
  2290 | D:4      | Found a staircase to the Ecumenical Temple.
  2325 | Temple   | Entered the Ecumenical Temple
  2325 | Temple   | Found a transporter.
  2325 | Temple   | Found a transporter.
  2327 | Temple   | Found a transporter.
  2327 | Temple   | Found a transporter.
  2347 | Temple   | Became a worshipper of Ashenzari the Shackled
  2406 | D:4      | Found Bown's Tiny Tomes.
  2560 | D:4      | Noticed Grinder
  2601 | D:4      | Killed Grinder
  2602 | D:4      | Reached skill level 6 in Stealth
  2602 | D:4      | Reached XP level 6. HP: 10/48 MP: 6/6
  3066 | D:4      | Noticed Ijyb
  3078 | D:4      | Killed Ijyb
  3079 | D:4      | Reached XP level 7. HP: 53/54 MP: 7/7
  3406 | D:4      | Found a runed translucent door.
  3407 | D:4      | Noticed Crazy Yiuf
  3408 | D:4      | Identified the +5 hammer of the Aged Prophets {flame, rC+
                  | MP+9 Int+3}
  3415 | D:4      | Killed Crazy Yiuf
  3550 | D:4      | Bought the Exposition on Shapeshifting for 80 gold pieces
  3550 | D:4      | Bought Sif Muna's Codex of Wildfire for 80 gold pieces
  3550 | D:4      | Bought the Guide on Venom for 40 gold pieces
  3552 | D:4      | Learned a level 1 spell: Sting
  3556 | D:4      | Learned a level 3 spell: Ignite Poison
  3595 | D:5      | Entered Level 5 of the Dungeon
  3860 | D:5      | Reached skill level 5 in Dodging
  3961 | D:5      | Reached skill level 1 in Poison Magic
  4052 | D:5      | Reached skill level 5 in Fighting
  4052 | D:5      | Reached skill level 1 in Spellcasting
  4052 | D:5      | Reached XP level 8. HP: 62/62 MP: 9/9
  4237 | D:6      | Noticed Pikel
  4261 | D:5      | Reached skill level 7 in Stealth
  4323 | D:5      | Killed Pikel
  4505 | D:6      | Reached XP level 9. HP: 53/69 MP: 12/12
  4589 | D:6      | Reached skill level 5 in Short Blades
  4589 | D:6      | Reached skill level 8 in Stealth
  4997 | D:7      | Found a runed translucent door.
  4998 | D:7      | Found a shimmering altar of Xom.
  4998 | D:7      | Noticed vvl's ghost (novice GrEE)
  4999 | D:7      | Noticed a +0 mace of chaos
  5737 | D:8      | Found a staircase to the Lair.
  6796 | D:8      | Reached skill level 9 in Stealth
  6796 | D:8      | Reached XP level 10. HP: 19/79 MP: 14/14
  7261 | D:9      | Found a radiant altar of Vehumet.
  7263 | D:9      | Found a glowing silver altar of Zin.
  7271 | D:9      | Found a blossoming altar of Fedhas.
  7514 | D:9      | HP: 2/79 [something (4)]
  7525 | D:8      | HP: 1/118 [something (8)]
  7525 | D:8      | Slain by a vampire

Illustrated notes

Levels and vault maps discovered:
D:1:      erik_arrival_blinker_ship, layout_rooms
D:2:      layout_basic, basic_altar
D:3:      layout_rooms, serial_shops, shop, roderic_lattice_a
D:4:      minmay_door_path, layout_basic, minmay_temple_entry_wispy,
          nicolae_shop_i_like_small_books_too, uniq_grinder, uniq_ijyb,
          uniq_crazy_yiuf_cottage
D:5:      layout_cave_pools
D:6:      layout_cave_pools, serial_bayou_lagoon_b, uniq_pikel
D:7:      layout_basic, ebering_ghost_xom
D:8:      layout_basic, lair_entry_dummy, lightli_minifort
D:9:      layout_irregular_city, gammafunk_temple_overflow_forgotten,
          kennysheep_big_empty_room
Temple:   hellmonk_temple_divided_pantheon

Skill      XL: |  1  2  3  4  5  6  7  8  9 10 |
---------------+-------------------------------+-----
Dodging        | 2 3 4 5 6 8 |  8.5
Stealth        | 5 6 7 9 |  9.2
Fighting       | 3 4 5 6 7 |  7.5
Short Blades   | 3 4 5 |  5.9
Throwing       | 3 4 |  4.9
Poison Magic   | 1 2 3 4 |  4.0
Spellcasting   | 1 2 3 |  3.2

Action                     |  1- 3 |  4- 6 |  7- 9 | 10-12 || total
---------------------------+-------+-------+-------+-------++-------
  Melee: Dagger            |   140 |   119 |    59 |       ||   318
         Punch             |     3 |     2 |     4 |     6 ||    15
         Rapier            |       |       |   289 |    70 ||   359
  Throw: Dart              |     1 |    18 |     1 |    14 ||    34
 Invoke: Curse Item        |       |       |     1 |       ||     1
  Evoke: Wand              |       |       |     2 |       ||     2
    Use: Scroll            |       |    11 |    10 |     3 ||    24
         Potion            |       |     3 |     2 |     2 ||     7
   Stab: Sleeping          |     4 |     5 |    17 |     1 ||    27
         Invisible         |       |     7 |       |       ||     7
         Distracted        |       |       |     1 |       ||     1
 Armour: Robe              |    42 |    27 |    64 |    15 ||   148
  Dodge: Dodged            |    78 |    53 |   294 |    67 ||   492
